Description

great vs a DT or oracle rush. grab a gas from them on first scout

Replay - adept stalker

Build Order

Get SALT Encoding   

  13  0:16  Pylon  
  15  0:45  Assimilator  
  15  0:46  Assimilator  
  15  0:53  Gateway  
  15  0:58  Assimilator  
  16  1:24  Gateway  
  19  1:50  Cybernetics Core  
  22  2:26  Stalker  
  22  2:29  Stalker  
  26  2:32  Warp Gate  
  26  2:41  Mothership Core (Chrono Boost)  
  28  2:49  Pylon  
  28  2:57  Adept  
  31  3:09  Adept  
  34  3:27  Robotics Facility  
  34  3:48  Stalker  
  34  3:49  Adept  
  38  4:53  Observer  
  38  4:57  Stargate  
  39  5:01  Pylon  
  35  5:09  Pylon  
  35  5:10  Nexus  
Spawning Tool Build Advisor. Get it on Overwolf

Go to:

Details

  • Created by: sackzii
  • Published on: Jan 15, 2017
  • Modified on: Jan 15, 2017
  • Patch: 3.8.0
Show
View Real Time Build Order
Export as new Build Order

Comments (2)

On May 27, 2017, 5:19 a.m., Storky2  said:

useless

On Jan. 16, 2017, 7:38 p.m., StoicLoofah  said:

Thanks for sharing the build! What time do you send out the first scout, and which of the Assimilators is the stolen one? The one at 0:58? Can you annotate that in your build?

Create an account to comment!